Cogmind - Beta 16.1 @@@ ROGUE MODE // 2026.02.23 @ 22:19:17 Player: DS-RVS Result: Destroyed by B-75 Beast with Heavy Plasma Cannon Performance ------------- Evolutions (1) 500 Regions Visited (5) 1000 Robots Destroyed (31) 155 Value Destroyed (619) 619 Prototype IDs (1) 20 Alien Tech Used (0) 0 Bonus (0) 0 TOTAL SCORE: 2294 Bonus ------- None Cogmind --------- Core Integrity 0/400 Matter 236/300 Energy 100/100 System Corruption 2% Temperature Cool (12) Movement Core (350) Ox6 Location -6/Proximity Caves Parts ------- > --- POWER (1) -------- (None) > --- PROPULSION (3) --- (None) > --- UTILITY (3) ------ Large Storage Unit Visual Processing Unit Hacking Drone Bay (1/1) > --- WEAPON (2) ------- (None) > --- INVENTORY (15) --- Ion Engine Aluminum Leg Aluminum Leg Large Storage Unit Light Assault Rifle Light Assault Rifle Datajack Peak State ------------ > --- POWER ------------ (None) > --- PROPULSION ------- Wheel Compact Wheel > --- UTILITY ---------- Large Storage Unit Visual Processing Unit Hacking Drone Bay > --- WEAPON ----------- (None) > --- INVENTORY -------- Ion Engine Aluminum Leg Aluminum Leg Large Storage Unit Light Assault Rifle Light Assault Rifle Datajack [Rating: 14] Favorites ----------- Power Ion Engine Engine Ion Engine Propulsion Light Treads Treads Light Treads Leg Aluminum Leg Wheel Compact Wheel Utility Seismic Detector Device Seismic Detector Storage Large Storage Unit Processor Visual Processing Unit Weapon Assault Rifle Energy Gun EM Pulse Gun Energy Cannon Beam Cannon Ballistic Gun Assault Rifle Launcher Grenade Launcher Build | -11 -10 -9 -9 -7 -6 ------- Run | Yrd Mat Mat Min Zio Pro Slots Evolved 2 | . . 2 . . . Power . | . . . . . . Propulsion 1 | . . 1 . . . Utility 1 | . . 1 . . . Weapon . | . . . . . . Parts Attached 25 | 7 4 13 . 1 . Power 3 | 1 1 1 . . . Engine 3 | 1 1 1 . . . Core . | . . . . . . Reactor . | . . . . . . Propulsion 8 | 2 . 6 . . . Treads 2 | 2 . . . . . Leg 4 | . . 4 . . . Wheel 2 | . . 2 . . . Hover . | . . . . . . Flight . | . . . . . . Utility 5 | 2 1 1 . 1 . Device 2 | 1 . . . 1 . Storage 2 | 1 1 . . . . Processor 1 | . . 1 . . . Hackware . | . . . . . . Protection . | . . . . . . Artifact . | . . . . . . Weapon 9 | 2 2 5 . . . Energy Gun 4 | 1 1 2 . . . Energy Cannon 1 | . 1 . . . . Ballistic Gun 3 | 1 . 2 . . . Ballistic Cannon . | . . . . . . Launcher 1 | . . 1 . . . Special Weapon . | . . . . . . Impact Weapon . | . . . . . . Slashing Weapon . | . . . . . . Piercing Weapon . | . . . . . . Special Melee Weapon . | . . . . . . Unidentified Prototypes 1 | . . . . 1 . Parts Lost 17 | . 1 13 1 . 2 Power 3 | . 1 2 . . . Propulsion 6 | . . 4 . . 2 Utility 1 | . . 1 . . . Weapon 7 | . . 6 1 . . Highest Loss Streak 14 | . 1 13 14 . 2 To Critical Strikes . | . . . . . . Average Backups 9 | 2 10 13 7 7 7 Power 1 | . 1 1 1 1 1 Propulsion 4 | 1 5 4 2 2 2 Utility . | . . 1 1 1 1 Weapon 3 | . 2 4 2 2 2 Tool/Special . | . . . . . . Unused Backups 5 | . . . . . 5 Power 1 | . . . . . 1 Propulsion 2 | . . . . . 2 Utility 1 | . . . . . 1 Weapon . | . . . . . . Tool/Special 1 | . . . . . 1 Average Slot Usage (%) 85 | . 99 88 45 45 55 Engine 9 | . 14 9 . . . Treads 13 | . 27 4 . . . Leg 9 | . . 25 . . . Wheel 4 | . . . 22 22 22 Device 10 | . 14 10 . 1 11 Storage 12 | . 14 11 11 11 11 Processor 4 | . . 5 11 11 11 Energy Gun 4 | . 9 . . . . Energy Cannon 5 | . 4 9 . . . Ballistic Gun 10 | . 13 10 1 . . Peak Build Rating 14 | 7 8 13 6 14 14 Average Rating 8 | 5 7 10 5 6 13 On Entrance 6 | . 7 8 6 5 14 Avg Prop Armor Cover (%) 6 | . . 6 . . . Naked Turns . | . . . . . . Heaviest Build 31 | 15 31 31 21 21 21 Greatest Support 40 | 40 40 40 26 26 26 Greatest Overweight (x) 10 | . 10 . . . 1 Average Overweight (x) . | . . . . . . Largest Inventory Capacity 15 | 8 15 15 15 15 15 Average Capacity 13 | 6 11 15 15 15 15 Most Carried 15 | 6 14 15 7 7 7 Average Carried 10 | 2 10 13 7 7 7 Final Capacity 15 | 8 15 15 15 15 15 Final Carried 14 | 6 14 7 7 7 7 Class Distribution -------------------- 100% | Mutant Dominant Class ---------------- Mutant | -10/Materials Mutant | -9/Materials Mutant | -9/Mines Mutant | -7/Zion Mutant | -6/Proximity Caves Resources | -11 -10 -9 -9 -7 -6 ----------- Run | Yrd Mat Mat Min Zio Pro Matter Collected 546 | 203 186 157 . . . Remotely . | . . . . . . Salvage Created 831 | 18 464 349 . . . Parts 53 | 3 26 24 . . . Haulers Intercepted . | . . . . . . Recyclers Shooed 1 | . 1 . . . . Parts Field Recycled . | . . . . . . Retrieved Matter . | . . . . . . Parts Self-Destructed . | . . . . . . Prevented . | . . . . . . Parts Restored . | . . . . . . Kills | -11 -10 -9 -9 -7 -6 ------- Run | Yrd Mat Mat Min Zio Pro Combat Hostiles Destroyed 23 | . 7 16 . . . Guns 8 | . 4 4 . . . Cannons 3 | . . 3 . . . AOE 12 | . 3 9 . . . Classes Destroyed 6 | 1 5 . . . . Builder 3 | . 2 1 . . . Tunneler 1 | 1 . . . . . Recycler 2 | . 2 . . . . Watcher 2 | . 1 1 . . . Swarmer 12 | . 3 9 . . . Grunt 11 | . 4 7 . . . Best Kill Streak 16 | 1 5 16 . . . Combat Bots Only 15 | . 3 15 . . . Max Kills in Single Turn 3 | 1 3 3 . . . Gunslinging . | . . . . . . Exploded 3 | . 2 3 . . . Melee . | . . . . . . Uniques/NPCs Destroyed . | . . . . . . Combat | -11 -10 -9 -9 -7 -6 -------- Run | Yrd Mat Mat Min Zio Pro Hostile Shots Fired 242 | . 32 192 7 . 11 Missed 67 | . 6 55 2 . 4 Hits 175 | . 26 137 5 . 7 Projectile 175 | . 26 137 5 . 7 Critical Strikes 1 | . . 1 . . . Damage Taken 2083 | . 404 1492 65 . 122 Core 497 | . 75 359 23 . 40 Absorbed by Shields . | . . . . . . Core Remaining (%) 85 | 100 70 . . . . Volleys Fired 67 | 1 27 39 . . . Largest 2 | 2 2 2 . . . Hottest 80 | 60 80 80 . . . Shots Fired 122 | 2 54 66 . . . Gun 91 | 2 52 37 . . . Cannon 25 | . 2 23 . . . Launcher 6 | . . 6 . . . Special . | . . . . . . Kinetic 55 | 1 27 27 . . . Thermal 30 | . 2 28 . . . Explosive 6 | . . 6 . . . Electromagnetic 31 | 1 25 5 . . . Robot Hit Streak 8 | 2 6 8 . . . Robot Miss Streak 5 | . 5 3 . . . Penetration Max . | . . . . . . Secondary Targets 1 | . . 1 . . . Max Gunslinging Chain 1 | . . 1 . . . Shots Hit Robots 75 | 2 28 45 . . . Core Hits 48 | 1 19 28 . . . Critical Kills . | . . . . . . Critical Parts Destroyed . | . . . . . . Critical Strikes . | . . . . . . Melee Attacks . | . . . . . . Impact . | . . . . . . Slashing . | . . . . . . Piercing . | . . . . . . Sneak Attacks . | . . . . . . Combat Hostiles . | . . . . . . Follow-up Attacks . | . . . . . . Damage Inflicted 1840 | 22 545 1273 . . . Guns 692 | 22 341 329 . . . Cannons 265 | . 17 248 . . . Explosions 883 | . 187 696 . . . Melee . | . . . . . . Ramming . | . . . . . . Kinetic 359 | 10 128 221 . . . Thermal 561 | . 204 357 . . . Explosive 641 | . . 641 . . . Electromagnetic 279 | 12 213 54 . . . Impact . | . . . . . . Slashing . | . . . . . . Piercing . | . . . . . . Highest Corruption 2 | . . . . . 2 Average Corruption 1 | . . . . . 1 Corruption Purged . | . . . . . . Corruption Blocked . | . . . . . . Overload Shots . | . . . . . . Overflow Damage 45 | . . 45 . . . Projectiles . | . . . . . . Explosions 45 | . . 45 . . . Melee . | . . . . . . Knockbacks . | . . . . . . Impact . | . . . . . . Kinetic . | . . . . . . Secondary . | . . . . . . Self-Inflicted Damage 214 | . 92 122 . . . Shots 7 | . 2 5 . . . Rammed . | . . . . . . Targets Rammed . | . . . . . . Kicked . | . . . . . . Crushed . | . . . . . . Highest Temperature 199 | . 91 199 . . . Average Temperature 61 | . 38 72 . . . Received Heat Transfer 687 | . 138 501 36 . 12 Siege Activations . | . . . . . . Martial Activations . | . . . . . . Shielding Activations . | . . . . . . Robots Disrupted . | . . . . . . Combat Hostiles . | . . . . . . Robots Corrupted . | . . . . . . Combat Hostiles . | . . . . . . Parts Fried 1 | . 1 . . . . Impact Corruptions . | . . . . . . Robots Melted . | . . . . . . Combat Hostiles . | . . . . . . Parts Melted . | . . . . . . Heat Transferred 1080 | . 337 743 . . . Parts Sabotaged . | . . . . . . Parts Stolen . | . . . . . . Parts Stripped . | . . . . . . Power Chain Reactions 4 | . 3 1 . . . Alert | -11 -10 -9 -9 -7 -6 ------- Run | Yrd Mat Mat Min Zio Pro Maximum Alert Level 1 | . . 1 . . . Low Security (%) 96 | 100 100 90 100 . . Level 1 3 | . . 9 . . . Level 2 . | . . . . . . Level 3 . | . . . . . . Level 4 . | . . . . . . Level 5 . | . . . . . . High Security . | . . . . . . Max Security . | . . . . . . Peak Influence 284 | 5 140 284 125 . . Initial 100 | . . 3 100 . . Average 51 | . 67 39 101 . . Influence Increases 841 | 5 264 527 45 . . Destroy 0b10 Robot/C 460 | . 140 320 . . . Destroy 0b10 Robot/NC 40 | 5 25 10 . . . Destroy Leader 94 | . 32 62 . . . Successful Hack 34 | . 14 20 . . . Disable Machine 30 | . 15 15 . . . Destroy Structure 48 | . 8 40 . . . Lose Combat Pursuer 135 | . 30 60 45 . . Influence Decreases 841 | 5 254 279 188 115 . Entered New Map 280 | . . 7 158 115 . Time Decay 411 | 5 244 142 20 . . Lost Part 150 | . 10 130 10 . . Squads Dispatched 4 | . . 4 . . . Investigation 2 | . . 2 . . . Extermination . | . . . . . . Reinforcement 2 | . . 2 . . . Assault . | . . . . . . Garrison . | . . . . . . Intercept . | . . . . . . Searches Triggered . | . . . . . . Construction Impeded 1 | . . 1 . . . Haulers Reinforced . | . . . . . . Active Scanning Responses . | . . . . . . Cargo Convoy Interrupts . | . . . . . . Stealth | -11 -10 -9 -9 -7 -6 --------- Run | Yrd Mat Mat Min Zio Pro Distress Signals 4 | . . 4 . . . Communications Jammed . | . . . . . . Distress Signals . | . . . . . . Times Spotted 45 | . 9 29 3 . 4 Peak Tracking Total 15 | . 4 15 3 . 3 Tactical Retreats 4 | . 1 2 1 . . Traps | -11 -10 -9 -9 -7 -6 ------- Run | Yrd Mat Mat Min Zio Pro Traps Triggered 2 | . 1 1 . . . Indirectly . | . . . . . . Trap Hack Attempts . | . . . . . . Triggered . | . . . . . . Disarmed . | . . . . . . Reprogrammed . | . . . . . . Reused . | . . . . . . Traps Extracted . | . . . . . . Installed . | . . . . . . Triggered . | . . . . . . Machines | -11 -10 -9 -9 -7 -6 ---------- Run | Yrd Mat Mat Min Zio Pro Machines Disabled 2 | . 1 1 . . . Max in Single Turn 1 | . 1 1 . . . Machines Repaired . | . . . . . . Machines Dismantled . | . . . . . . Machines Sabotaged . | . . . . . . Overloaded Fab Kills . | . . . . . . Hacking | -11 -10 -9 -9 -7 -6 --------- Run | Yrd Mat Mat Min Zio Pro Machines Accessed 7 | . 2 5 . . . Terminals 7 | . 2 5 . . . Fabricators . | . . . . . . Repair Stations . | . . . . . . Recycling Units . | . . . . . . Scanalyzers . | . . . . . . Garrison Access . | . . . . . . Total Hacks 22 | . 5 17 . . . Successful 11 | . 2 9 . . . Failed 11 | . 3 8 . . . Catastrophic 3 | . 1 2 . . . Database Lockouts . | . . . . . . Manual 19 | . 4 15 . . . Terminals 22 | . 5 17 . . . Fabricators . | . . . . . . Repair Stations . | . . . . . . Recycling Units . | . . . . . . Scanalyzers . | . . . . . . Garrison Access . | . . . . . . Terminal Hacks 3 | . 1 2 . . . Locate Traps 1 | . 1 . . . . Recall Investigation 1 | . . 1 . . . Zone Layout 1 | . . 1 . . . Fabricator Hacks . | . . . . . . Repair Station Hacks . | . . . . . . Recycling Unit Hacks . | . . . . . . Scanalyzer . | . . . . . . Garrison Access Hacks . | . . . . . . Unauthorized Hacks 8 | . 1 7 . . . Terminals 8 | . 1 7 . . . Botnet 4 | . 1 3 . . . Operators 1 | . . 1 . . . Skim 3 | . . 3 . . . Fabricators . | . . . . . . Repair Stations . | . . . . . . Recycling Units . | . . . . . . Scanalyzers . | . . . . . . Garrison Access . | . . . . . . Data Cores Recovered . | . . . . . . Used . | . . . . . . Hacking Detections 6 | . 2 4 . . . Full Trace Events 1 | . . 1 . . . Feedback Events . | . . . . . . Feedback Blocked . | . . . . . . Robot Schematics Acquired . | . . . . . . Robots Built . | . . . . . . Authchips . | . . . . . . Time . | . . . . . . Total Robot Build Rating . | . . . . . . Part Schematics Acquired . | . . . . . . Parts Built . | . . . . . . Authchips . | . . . . . . Time . | . . . . . . Total Part Build Rating . | . . . . . . Part Studies Acquired . | . . . . . . Parts Repaired . | . . . . . . Time . | . . . . . . Parts Recycled . | . . . . . . Recycled Matter . | . . . . . . Retrieved Matter . | . . . . . . Retrieved Components . | . . . . . . Parts Scanalyzed . | . . . . . . Part Schematics Acquired . | . . . . . . Parts Damaged . | . . . . . . Bothacking | -11 -10 -9 -9 -7 -6 ------------ Run | Yrd Mat Mat Min Zio Pro Used RIF Installer . | . . . . . . Robots Hacked . | . . . . . . Non-combat . | . . . . . . Combat . | . . . . . . Robot Hacks Applied . | . . . . . . Relay Couplers Released . | . . . . . . Fabnet Peak Effective % . | . . . . . . Robots Rewired . | . . . . . . Allies Hacked . | . . . . . . Hacks Repelled . | . . . . . . Allies | -11 -10 -9 -9 -7 -6 -------- Run | Yrd Mat Mat Min Zio Pro Total Allies . | . . . . . . Largest Group . | . . . . . . Highest-Rated Group . | . . . . . . Highest-Rated Ally . | . . . . . . Total Orders . | . . . . . . Ally Attacks . | . . . . . . Total Damage . | . . . . . . Kills . | . . . . . . Allies Corrupted . | . . . . . . Allies Melted . | . . . . . . Intel | -11 -10 -9 -9 -7 -6 ------- Run | Yrd Mat Mat Min Zio Pro Active Infowar (turns) 1335 | 25 592 500 47 102 69 Optics 481 | . . 263 47 102 69 Seismic 1075 | 25 592 458 . . . Robot Analysis Total . | . . . . . . Derelict Logs Recovered 1 | . . . . 1 . Drone Launches . | . . . . . . Drone Recoveries . | . . . . . . Exploration | -11 -10 -9 -9 -7 -6 ------------- Run | Yrd Mat Mat Min Zio Pro Turns Passed 1425 | 115 592 500 47 102 69 Spaces Moved 791 | 62 286 212 52 103 76 Core 5 | 4 1 . . . . Treads 402 | 58 285 59 . . . Legs 132 | . . 132 . . . Wheels 252 | . . 21 52 103 76 Hover . | . . . . . . Flight . | . . . . . . Fastest Speed 50 | 50 160 90 90 90 90 Average Speed 131 | 152 161 128 90 90 90 Slowest Speed 550 | 160 550 160 90 90 115 Overloaded Moves . | . . . . . . Propulsion Burnouts . | . . . . . . Robots Hopped . | . . . . . . Potential Cave-ins . | . . . . . . Cave-ins Triggered . | . . . . . . Exploration Rate (%) 21 | 4 45 24 24 12 21 Regions Visited 5 Branch Regions 3 Pre-discovered Areas . | . . . . . . Known Exits Taken . | . . . . . . Unknown Exits Taken 5 | 1 1 1 1 1 . Scrap Searched . | . . . . . . Spaces Dug . | . . . . . . Terrain Destroyed 52 | . 7 45 . . . Melee . | . . . . . . Projectile . | . . . . . . AOE 52 | . 7 45 . . . Terrain Rammed . | . . . . . . Walls Destroyed . | . . . . . . Machines Disabled . | . . . . . . Actions | -11 -10 -9 -9 -7 -6 --------- Run | Yrd Mat Mat Min Zio Pro Total 1051 | 77 360 375 52 111 76 Wait 147 | 2 30 106 1 8 . Move 786 | 61 285 211 51 102 76 Hop . | . . . . . . Pick Up 19 | 6 9 4 . . . Fast Attach 13 | 7 3 2 . 1 . Attach 12 | . 1 11 . . . Detach . | . . . . . . Swap 3 | . 3 . . . . Drop 4 | . 2 2 . . . Fire 67 | 1 27 39 . . . Melee . | . . . . . . Ram . | . . . . . . Kick . | . . . . . . Crush . | . . . . . . Escape Stasis . | . . . . . . Rewire . | . . . . . . Trap . | . . . . . . Miscellaneous . | . . . . . . Route ------- -11/Scrapyard -10/Materials (discovered 2 exits: *Mat x2) -9/Materials -9/Mines (discovered 2 exits: [*Mat] / [*Zio]) -7/Zion -6/Proximity Caves History --------- Turn | Location | Event 3 | -11/Scrapyard | Discovered new exit (range 15) 116 | -11/Scrapyard | Entered Materials 307 | -10/Materials | Build established: Mutant 428 | -10/Materials | Discovered new exit (range 10) 702 | -10/Materials | Discovered new exit (range 3) 708 | -10/Materials | Entered another Materials area 708 | -9/Materials | Evolved 2 slots: Propulsion x1, Utility x1 1172 | -9/Materials | Core integrity fell below 50% 1193 | -9/Materials | Discovered new exit (range 14) 1195 | -9/Materials | Core integrity fell below 20% 1204 | -9/Materials | Destroyed 15 combat bots 1208 | -9/Materials | Entered Mines 1240 | -9/Mines | Lost 14 parts (2p4n1u7w) 1240 | -9/Mines | Discovered new exit (range 9) 1248 | -9/Mines | A Derelict revealed a hidden shortcut to a safe place 1255 | -9/Mines | Entered Zion 1340 | -7/Zion | Discovered new exit (range 11) 1345 | -7/Zion | Given the Hacking Drone Bay 1345 | -7/Zion | Found Prototype Device 1345 | -7/Zion | Identified Hacking Drone Bay 1357 | -7/Zion | Entered Proximity Caves 1423 | -6/Proximity Caves | Spotted B-75 Beast 1426 | -6/Proximity Caves | Destroyed by B-75 Beast with Heavy Plasma Cannon Last Messages --------------- Take them, take them all! It's only a matter of time before I make a Relay Coupler [Behemoth] (1000) and we'll never have to travel the caves in fear of those monstrosities again. ... Oh wait, no one knows how to use a coupler. 01290_ ZY-1VU(z): "Isn't it beautiful? Enjoy your stay!" 01297_ PUBLIC SERVICE ANNOUNCEMENT: Quarantine Array scanned 1 system, cleaned 0. 01328_ Acquired derelict log, extracted data. Data stored: Upper Caves entrances (x1). 01340_ EXIT=FOUND 5X-0MB(c): I put all my knowledge of 0b10 terminal hacking into this drone, but why bother? I can just do the hacks myself if I need to! You look like a terrible hacker. Take it. 01345_ Acquired Prototype Device. 01345_ Identified Hacking Drone Bay. LOCATION=UNKNOWN GOAL=ESCAPE 01423_ Wheel destroyed. 01426_ Com. Wheel destroyed. Map ----- +----------------------------------------------------+ | ???# #????????????????????????????????? | | #???# ## #???????????????????????????????? | | ##?## ##?# #???????????????????????????????? | | # ### #???###???????? #?????????????????????? | | ?# #????????????? #?????????????????????? | | ?# ##????????### #?????????????????????? | | ?# ######### #??????????????????????? | | ## #??????????????????????? | | # #??????????????????????? | | ## # #?????????????????????? | | ## ### #????????????????????? | | ##?######????????????????????? | | #???????????????????????????? | | ### #???????????????????????????? | | ##?# ##??????????????????????????? | | #??## ### #??????????????????????????? | | # #??## #?# #??????????????? ?????????? | | # ##???## #?# #????????????? ?????????? | | ###?????# ##?# #???????????? ????????? | | ????????# ##?## ##?###?????? ????????? | | ????????# #?## ##### ####?? BB????????? | | ??????? #### ### ## BB ???????? | | ??????# ####?# #### ???????? | | ??????# #?????# #### ??????? | | ????????????### ##?# ??????? | | ????????????# ##### @ #???????????? | | ????????????## p #???????????? | | ?????????????# ## ???????? | | ?????????????# ## ### ##????? ????????? | | ??????????? ## #?# #????????????????? | | ??????????## ## #?# ?????????????? | | ???????????# ## #? #???????????? | | ???????????# ### ## ## ???????????? | | ???????????# #??# ##### #?### #???????????? | | ??????????? ??? ???# #???? ##???????????? | | ?????????? ??? ???# #????? ###????????????? | | ?????????? ??? ???# ??????##??????????????? | | ?????????" ??? ???# ##?????????????????????? | | ????????" ???"" ??? #??????????????????????? | | ???????? ""???? ??? #??????????????????????? | | ????????"""" ???? ??? ##??????????????????????? | | ????????????????? ??? ????????????????????????? | | ????????????????? ??? ????????????????????????? | | ??????????????????? ?????????????????????????????? | | ??????????????????? ?????????????????????????????? | | ?????????????????????????????????????????????????? | | ?????????????????????????????????????????????????? | | ?????????????????????????????????????????????????? | | ?????????????????????????????????????????????????? | | ?????????????????????????????????????????????????? | +----------------------------------------------------+ Best States ------------- Heat Dissipation 28 Energy Generation 10 Energy Capacity 250 Matter Stores 300 Matter Capacity 300 Sight Range 18 Terrain Scan Density 10 Evasion (%) 55 Recoil Reduction 2 Item Schematics ----------------- None Robot Schematics ------------------ None Fabricated ------------ Nothing Repaired ---------- Nothing Studied --------- None Alien Tech Used ----------------- None Achievements -------------- None Challenges ------------ None Game ------ Seed DeflectorTiamatBay Manual? 0 Play Time 00:16:23 Cumulative 35.7 hours Start 2026.02.23 @ 22:01:36 End 2026.02.23 @ 22:19:17 Sessions 1 Manual Loads 0 Difficulty Rogue Special Mode None Game No. 32 Rogue 32 Adventurer 0 Explorer 0 Win Type - Total 2 Types 2/0/0/0/0/0/0/0/0/0 Lore% 31 Gallery% 31 Achievement% 30 Wizard Run 0 Options --------- Layout 0 ASCII 1 Keyboard 1 Movement Numpad Keybinds 0 Fullscreen 1 Font 24/Cog Map View 76x50 Zoom Use 0% Tactical HUD 1 Map Filters NONE Filters NONE Steam 1 RUN: 21436254-e094-4271-9b2c-a9f773276258